[Event "Titled Tuesday Blitz May 24 Early 2022"]
[White "Melaugh, Shane"]
[Black "Johnson, Ben"]
[WhiteFideId "2509580"]
[BlackFideId "2010917"]
[WhiteElo "1972"]
[BlackElo "2202"]
[Result "1-0"]
[Round "06"]
[TimeControl "180+1"]
[Date "2022.05.25"]
[WhiteClock "0:02:13"]
[BlackClock "0:00:43"]

1. c4 e5 2. Nc3 Nf6 3. Nf3 Nc6 4. e4 Bb4 5. d3 O-O 6. Bg5 Bxc3+ 7. bxc3 d6 8. h3 Qe7 9. Be2 Nd8 10. O-O Ne6 11. Bh4 h6 12. Ne1 g5 13. Bg3 Nf4 14. Nc2 c6 15. Ne3 d5 16. cxd5 cxd5 17. Bxf4 exf4 18. Nxd5 Nxd5 19. exd5 Bf5 20. d4 Rac8 21. Rc1 Qxe2 22. Qxe2 1-0


[Site "https://www.chess.com"]

[Event "Titled Tuesday Blitz May 24 Early 2022"]
[White "Melikyan, Gnel"]
[Black "Timofeev, Artyom"]
[WhiteFideId "54109990"]
[BlackFideId "4140419"]
[WhiteElo "1772"]
[BlackElo "2594"]
[Result "1/2-1/2"]
[Round "06"]
[TimeControl "180+1"]
[Date "2022.05.24"]
[WhiteClock "0:00:20"]
[BlackClock "0:00:04"]

1. e4 c6 2. d4 d5 3. f3 e6 4. Nc3 Bb4 5. Bf4 Nf6 6. Qd3 b6 7. Ne2 Ba6 8. Qe3 O-O 9. O-O-O Nbd7 10. h4 c5 11. a3 Bxc3 12. Nxc3 Bxf1 13. Rhxf1 Rc8 14. Bd6 cxd4 15. Qxd4 Rc4 16. Qe3 Re8 17. b3 Rc6 18. e5 Qc8 19. Kb2 d4 20. Qxd4 Nd5 21. Nxd5 Rxc2+ 22. Kb1 exd5 23. Rc1 Rxc1+ 24. Rxc1 Qa6 25. Qxd5 Nc5 26. b4 Ne6 27. b5 Qa4 28. Qc4 Qa5 29. Bb4 Qa4 30. Kb2 h5 31. g4 hxg4 32. fxg4 Rd8 33. Bd6 Qa5 34. g5 Qd2+ 35. Rc2 Qd1 36. g6 Qh5 37. gxf7+ Qxf7 38. Qd5 Re8 39. a4 Qf4 40. Qc4 Qf5 41. Qc6 Qf7 42. Qd5 Qf5 43. Qc4 Qf7 44. Rg2 Qf5 45. Qc3 Qf7 46. Qc2 Qf4 47. Qb3 Qd4+ 48. Ka2 Qe4 49. Rc2 Qxh4 50. Rc7 Qf2+ 51. Ka3 Qd4 52. Rxa7 Qa1+ 53. Qa2 Qc3+ 54. Qb3 Qa1+ 55. Qa2 Qc3+ 56. Qb3 Qa1+ 1/2-1/2


[Site "https://www.chess.com"]

[Event "Titled Tuesday Blitz May 24 Early 2022"]
[White "Mestnikov, Aisen"]
[Black "Taboas Rodriguez, Daniel"]
[WhiteFideId "34130117"]
[BlackFideId "2208466"]
[WhiteElo "2027"]
[BlackElo "2429"]
[Result "0-1"]
[Round "06"]
[TimeControl "180+1"]
[Date "2022.05.25"]
[WhiteClock "0:00:08"]
[BlackClock "0:00:55"]

1. d4 Nf6 2. c4 g6 3. Nf3 Bg7 4. Nc3 O-O 5. e4 d6 6. Be2 e5 7. d5 a5 8. Bg5 h6 9. Bh4 Na6 10. Nd2 Qe8 11. O-O Nh7 12. f3 f5 13. b3 h5 14. Bf2 Bh6 15. a3 Bd7 16. Rb1 Nc5 17. b4 axb4 18. axb4 Na4 19. Nxa4 Bxa4 20. Nb3 Nf6 21. Qd3 Bd7 22. c5 fxe4 23. fxe4 Ng4 24. Bxg4 Bxg4 25. cxd6 cxd6 26. Na5 Bd7 27. Qg3 b5 28. Be3 Bxe3+ 29. Qxe3 Qe7 30. Qh6 Qg7 31. Qg5 Bg4 32. Nc6 Be2 33. Rfe1 Bd3 34. Rbd1 Bc4 35. Na5 Rac8 36. Nc6 Kh7 37. Re3 Qf6 38. Qxf6 Rxf6 39. Rf3 Rcf8 40. Rxf6 Rxf6 41. Na7 Rf4 42. Re1 Bd3 43. Re3 Bxe4 44. Nxb5 Bxd5 45. Nxd6 e4 46. g3 Rf6 47. Nxe4 Rb6 48. Kf2 Kg7 49. Ng5 Rxb4 50. Nf3 Rb2+ 51. Re2 Rb3 52. Nd4 Rd3 53. Ne6+ Kf6 54. Nf4 Rd1 55. Nxd5+ Rxd5 56. Kf3 Kf5 57. Rf2 g5 58. Kg2+ Kg6 59. h3 Rd3 60. Re2 Kf5 61. Rf2+ Ke5 62. Re2+ Kf5 63. Rf2+ Ke4 64. Re2+ Re3 65. Rf2 Re1 66. Rb2 Rd1 67. Re2+ Kf5 68. Rf2+ Kg6 69. Re2 Rd3 70. Rf2 Re3 71. Rd2 Kf5 72. Rf2+ Ke4 73. Rd2 Re1 74. Rf2 Ke3 75. Rc2 Re2+ 76. Rxe2+ Kxe2 77. g4 h4 78. Kg1 Kf3 79. Kh2 Kf2 80. Kh1 Kg3 81. Kg1 Kxh3 82. Kh1 Kxg4 83. Kg2 Kf4 84. Kh2 Kf3 85. Kh3 g4+ 86. Kh2 g3+ 87. Kg1 g2 88. Kh2 Kf2 89. Kh3 g1=Q 90. Kxh4 Qg6 91. Kh3 Qh5# 0-1


[Site "https://www.chess.com"]

[Event "Titled Tuesday Blitz May 24 Early 2022"]
[White "Meunier-Pion, Jean"]
[Black "Turutin, Alexander"]
[WhiteFideId "20685327"]
[BlackFideId "4180623"]
[WhiteElo "2124"]
[BlackElo "2402"]
[Result "1-0"]
[Round "06"]
[TimeControl "180+1"]
[Date "2022.05.25"]
[WhiteClock "0:00:02"]
[BlackClock "0:00:02"]

1. e4 c6 2. d4 d5 3. e5 Bf5 4. Nf3 e6 5. Be2 Ne7 6. O-O Nd7 7. Nbd2 h6 8. Nb3 Bh7 9. a4 Ng6 10. Ne1 c5 11. c3 a6 12. f4 Be7 13. g3 O-O 14. Be3 Rc8 15. Nf3 Qb6 16. a5 Qc7 17. dxc5 Nxc5 18. Nxc5 Bxc5 19. Nd4 Ne7 20. g4 Be4 21. Qd2 Nc6 22. Nb3 Bxe3+ 23. Qxe3 f6 24. Nc5 Rce8 25. exf6 Rxf6 26. Nxe4 dxe4 27. Qxe4 Nxa5 28. Bd3 Nb3 29. Rad1 Kf8 30. g5 Rf7 31. Qh7 Qb6+ 32. Kh1 Nc5 33. Bg6 Qc6+ 34. Kg1 Qb6 35. gxh6 Ne4+ 36. Kh1 Nf6 37. hxg7+ Ke7 38. Qh4 Qc6+ 39. Kg1 Rg8 40. Rd3 Rgxg7 41. Rg3 Rf8 42. Bh7 Rxh7 43. Qg5 Rg8 44. Qe5 Rxg3+ 45. hxg3 Qh1+ 46. Kf2 Rh2+ 47. Ke1 Qe4+ 48. Qxe4 Nxe4 49. Rg1 Nc5 50. Kd1 Nd3 51. b4 Rf2 52. Rh1 Nb2+ 53. Kc1 Nd3+ 54. Kd1 Rg2 55. Rh7+ Kd6 56. Rxb7 Rxg3 57. Rb6+ Kd5 58. Rxa6 Nxf4 59. Kd2 Rd3+ 60. Kc2 Rf3 61. Ra5+ Ke4 62. b5 e5 63. b6 Rf2+ 64. Kb3 Ne6 65. b7 Rf1 66. Kc4 Rf8 67. Ra8 1-0


[Site "https://www.chess.com"]

[Event "Titled Tuesday Blitz May 24 Early 2022"]
[White "Mikhalsky, Vladimir"]
[Black "Avinash, Ramesh"]
[WhiteFideId "14144352"]
[BlackFideId "45018340"]
[WhiteElo "2301"]
[BlackElo "1875"]
[Result "0-1"]
[Round "06"]
[TimeControl "180+1"]
[Date "2022.05.25"]
[WhiteClock "0:00:05"]
[BlackClock "0:00:11"]

1. c4 Nf6 2. Nc3 c5 3. Nf3 Nc6 4. d4 cxd4 5. Nxd4 g6 6. e4 Bg7 7. Nc2 O-O 8. Be2 d6 9. Be3 Be6 10. f3 Rc8 11. Qd2 Ne5 12. b3 Qa5 13. Nd4 Nfd7 14. O-O Nc6 15. Rfd1 Nxd4 16. Bxd4 Bxd4+ 17. Qxd4 Qc5 18. f4 a5 19. Bf3 Qxd4+ 20. Rxd4 Nc5 21. g4 Rfe8 22. Re1 Bd7 23. e5 Ne6 24. Rde4 Bc6 25. Nd5 Nc5 26. R4e3 Bxd5 27. Bxd5 dxe5 28. fxe5 e6 29. Bg2 Red8 30. Rf1 Rd4 31. Ref3 Rc7 32. h3 Rcd7 33. R3f2 Rd2 34. Rxd2 Rxd2 35. Rf2 Rd4 36. Re2 Kf8 37. Kh2 Ke7 38. Kg3 Rd3+ 39. Kh2 b6 40. Rf2 Na6 41. Re2 Nb4 42. a3 Na6 43. b4 axb4 44. axb4 Rb3 45. Ra2 Nxb4 46. Ra7+ Kf8 47. Ra8+ Kg7 48. Rb8 Nd3 49. Rb7 Rb2 50. Kg3 g5 51. Be4 Nxe5 52. c5 Re2 53. Bf3 Re3 54. cxb6 Rxf3+ 55. Kg2 Rb3 56. Rb8 Nd7 57. Rd8 Nxb6 58. Rb8 Rb4 59. Kg3 Nd5 60. Rd8 Rb3+ 61. Kg2 Nf4+ 62. Kf2 Rxh3 0-1


[Site "https://www.chess.com"]

[Event "Titled Tuesday Blitz May 24 Early 2022"]
[White "Miszler, Levente"]
[Black "Perez Gormaz, Matias"]
[WhiteFideId "763276"]
[BlackFideId "3406342"]
[WhiteElo "1966"]
[BlackElo "2341"]
[Result "0-1"]
[Round "06"]
[TimeControl "180+1"]
[Date "2022.05.25"]
[WhiteClock "0:01:37"]
[BlackClock "0:01:44"]

1. Nf3 d5 2. b3 Bg4 3. Bb2 Bxf3 4. gxf3 Nd7 5. f4 Ngf6 6. e3 g6 7. Bg2 c6 8. d3 Bg7 9. Nd2 O-O 10. Nf3 Nh5 11. Bxg7 Nxg7 12. O-O a5 13. a4 Qc7 14. d4 e6 15. Ne5 Nxe5 16. fxe5 f6 17. exf6 Rxf6 18. Qd3 Nf5 19. Rae1 Nh4 20. e4 Raf8 21. e5 Rf4 22. Re3 Nf5 23. c3 Nxe3 24. fxe3 Rxf1+ 25. Bxf1 Qf7 26. Qe2 Qf3 0-1


[Site "https://www.chess.com"]

[Event "Titled Tuesday Blitz May 24 Early 2022"]
[White "Namitbir Singh Walia"]
[Black "Stepanencu, Nicodim-Cosmin"]
[WhiteFideId "35071068"]
[BlackFideId "1256220"]
[WhiteElo "1565"]
[BlackElo "1945"]
[Result "0-1"]
[Round "06"]
[TimeControl "180+1"]
[Date "2022.05.25"]
[WhiteClock "0:00:09"]
[BlackClock "0:00:24"]

1. d4 g6 2. c4 Bg7 3. Nf3 d6 4. g3 Nc6 5. h3 e5 6. d5 Nce7 7. e4 f5 8. Nc3 Nf6 9. Bg2 h6 10. Be3 O-O 11. Qc2 fxe4 12. Nd2 Nf5 13. Ndxe4 Nxe3 14. fxe3 Bf5 15. O-O-O g5 16. Rdf1 Qd7 17. h4 g4 18. Qe2 Nh5 19. Rf2 Rf7 20. Rhf1 Raf8 21. Kd2 a6 22. a4 c6 23. dxc6 bxc6 24. Kc1 d5 25. Rd1 Bxe4 26. Rxf7 Qxf7 27. Bxe4 dxe4 28. Qxg4 Qf3 29. Qxe4 Nxg3 30. Qg6 Qxe3+ 31. Kb1 Qf3 32. Rd7 Qf5+ 33. Qxf5 Rxf5 34. Ra7 e4 35. Rxa6 Bxc3 36. bxc3 e3 0-1


[Site "https://www.chess.com"]

[Event "Titled Tuesday Blitz May 24 Early 2022"]
[White "Navalgund, Niranjan"]
[Black "Pham, Tran Gia Phuc"]
[WhiteFideId "5030854"]
[BlackFideId "12415669"]
[WhiteElo "2290"]
[BlackElo "1789"]
[Result "0-1"]
[Round "06"]
[TimeControl "180+1"]
[Date "2022.05.25"]
[WhiteClock "0:00:15"]
[BlackClock "0:01:55"]

1. e4 c5 2. d4 cxd4 3. c3 Nf6 4. e5 Nd5 5. Nf3 Nc6 6. Bc4 Nb6 7. Bb3 e6 8. O-O Be7 9. c4 d6 10. Nxd4 Nxe5 11. Bf4 O-O 12. Nd2 Bf6 13. N4f3 Nbd7 14. Ne4 Nxf3+ 15. Qxf3 Bxb2 16. Bxd6 Bxa1 17. Rxa1 f5 18. Ng3 Qf6 19. c5 Qxa1+ 20. Nf1 Nf6 21. Bxf8 Kxf8 22. Qd3 Bd7 23. Qd6+ Kg8 24. Bxe6+ Bxe6 25. Qxe6+ Kh8 26. g3 Re8 27. Qxf5 h6 28. Kg2 Qxa2 29. Ne3 Rxe3 30. Qc8+ Re8 31. Qc7 Qd5+ 0-1


[Site "https://www.chess.com"]

[Event "Titled Tuesday Blitz May 24 Early 2022"]
[White "Nguyen, Quoc Hy"]
[Black "Melikhov, Evgeny V."]
[WhiteFideId "12410853"]
[BlackFideId "4122046"]
[WhiteElo "1938"]
[BlackElo "1931"]
[Result "1-0"]
[Round "06"]
[TimeControl "180+1"]
[Date "2022.05.25"]
[WhiteClock "0:01:17"]
[BlackClock "0:00:40"]

1. d4 Nf6 2. c4 e6 3. Nc3 Bb4 4. Qc2 c5 5. dxc5 Na6 6. a3 Bxc3+ 7. Qxc3 Nxc5 8. b4 Nce4 9. Qb2 d5 10. f3 Nd6 11. c5 Nc4 12. Qc2 a5 13. e4 axb4 14. Bxc4 dxc4 15. Qxc4 bxa3 16. Ne2 Qa5+ 17. Bd2 Qa4 18. Qxa4+ Rxa4 19. Nc3 Rc4 20. Nb5 Rxc5 21. Nd6+ Kd7 22. Nxf7 Re8 23. Rxa3 h6 24. Ke2 e5 25. Rd3+ Ke6 26. Nd6 Rd8 27. Rd1 Rxd6 28. Rxd6+ Kxd6 29. Bb4+ Kc6 30. Bxc5 Nd7 31. Be7 b6 32. Rd6+ Kc7 33. Rg6 Ba6+ 34. Ke3 Bc4 35. Rxg7 b5 36. Rh7 Kc6 37. Rxh6+ Kc7 38. Bd6+ Kc6 39. Bxe5+ Kc5 40. Bd6+ 1-0


[Site "https://www.chess.com"]

[Event "Titled Tuesday Blitz May 24 Early 2022"]
[White "Odegov, Artem"]
[Black "Skliarov, Viktor"]
[WhiteFideId "34183644"]
[BlackFideId "14106736"]
[WhiteElo "2286"]
[BlackElo "2229"]
[Result "0-1"]
[Round "06"]
[TimeControl "180+1"]
[Date "2022.05.25"]
[WhiteClock "0:00:01"]
[BlackClock "0:00:27"]

1. d4 Nf6 2. c4 e6 3. Nf3 b6 4. g3 Bb7 5. Bg2 Be7 6. O-O O-O 7. d5 exd5 8. Nh4 Ne4 9. Nf5 dxc4 10. Nxg7 Kxg7 11. Bxe4 Bxe4 12. Qd4+ Bf6 13. Qxe4 d5 14. Qg4+ Kh8 15. Rd1 c6 16. Nc3 Nd7 17. Bf4 Qe7 18. Rd2 Rae8 19. Rad1 Nc5 20. Rxd5 cxd5 21. Nxd5 Qe6 22. Nxf6 Qxf6 23. Rd6 Ne6 24. Be3 Qg6 25. Qxc4 Rd8 26. Qb4 Rxd6 27. Qxd6 Rd8 28. Qe7 Rd1+ 29. Kg2 Qe4+ 30. Kh3 Nf4+ 31. Bxf4 Qxe7 0-1


[Site "https://www.chess.com"]

[Event "Titled Tuesday Blitz May 24 Early 2022"]
[White "Olafsson, Helgi"]
[Black "Petre, Nad-Titus"]
[WhiteFideId "2300010"]
[BlackFideId "1204165"]
[WhiteElo "2463"]
[BlackElo "2354"]
[Result "0-1"]
[Round "06"]
[TimeControl "180+1"]
[Date "2022.05.25"]
[WhiteClock "0:00:20"]
[BlackClock "0:00:12"]

1. Nf3 Nf6 2. c4 g6 3. g3 Bg7 4. Bg2 O-O 5. O-O d5 6. cxd5 Nxd5 7. d4 Nc6 8. e4 Nb6 9. d5 Na5 10. Qe1 Nac4 11. Nc3 e6 12. b3 Ne5 13. Nxe5 Bxe5 14. Bh6 Re8 15. Qd2 exd5 16. exd5 Bf5 17. Rac1 a6 18. h3 Nc8 19. g4 Bd7 20. f4 Bh8 21. Bg5 Bf6 22. Ne4 Rxe4 23. Bxf6 Qxf6 24. Bxe4 Nd6 25. Bg2 h5 26. Rxc7 Bb5 27. Re1 hxg4 28. hxg4 Qh4 29. g5 Rd8 30. Qf2 Qg4 31. Ree7 Be8 32. Qf3 Qf5 33. a4 Qb1+ 34. Kh2 Nf5 35. Re5 Bd7 36. Qe4 Qxb3 37. Rxd7 Rxd7 38. Re8+ Kh7 39. Qe5 Ng7 40. Qb8 Nxe8 41. Qxe8 Qxa4 42. Bh3 Qxf4+ 43. Kh1 Rxd5 0-1


[Site "https://www.chess.com"]

[Event "Titled Tuesday Blitz May 24 Early 2022"]
[White "Oparin, Grigoriy"]
[Black "Ianov, Viktor"]
[WhiteFideId "24125890"]
[BlackFideId "14102730"]
[WhiteElo "2665"]
[BlackElo "2152"]
[Result "1-0"]
[Round "06"]
[TimeControl "180+1"]
[Date "2022.05.24"]
[WhiteClock "0:01:41"]
[BlackClock "0:00:53"]

1. c4 d6 2. Nc3 g6 3. g3 Bg7 4. Bg2 Nf6 5. e4 O-O 6. Nge2 c5 7. O-O Nc6 8. d3 Ne8 9. Be3 Nc7 10. Qd2 Ne6 11. f4 Ned4 12. h3 Bd7 13. g4 e6 14. Rae1 f5 15. exf5 gxf5 16. g5 a6 17. Ng3 Rb8 18. Nh5 b5 19. Nxg7 Kxg7 20. b3 h6 21. h4 hxg5 22. hxg5 Rh8 23. Ne2 Rh4 24. Nxd4 cxd4 25. Qf2 Rg4 26. Bxd4+ Nxd4 27. Qxd4+ Kg6 28. Qxd6 Rb6 29. Qe5 bxc4 30. dxc4 Qe7 31. Rf2 Rd6 32. c5 Rd3 33. c6 Bc8 34. Qh8 Qc7 35. Qh6+ Kf7 36. Qh7+ 1-0


[Site "https://www.chess.com"]

[Event "Titled Tuesday Blitz May 24 Early 2022"]
[White "Osiecki, Stanislaw"]
[Black "Kostiukov, Alexandr"]
[WhiteFideId "1102990"]
[BlackFideId "14108100"]
[WhiteElo "2127"]
[BlackElo "2202"]
[Result "1/2-1/2"]
[Round "06"]
[TimeControl "180+1"]
[Date "2022.05.25"]
[WhiteClock "0:00:10"]
[BlackClock "0:00:03"]

1. e4 c5 2. c3 g6 3. d4 cxd4 4. cxd4 d5 5. e5 Nc6 6. h3 Bg7 7. Nf3 f6 8. exf6 Nxf6 9. Bf4 O-O 10. Nc3 Nh5 11. Be3 Bf5 12. g4 Be4 13. Nxe4 dxe4 14. Nd2 Nxd4 15. Bg2 Nf4 16. Bxf4 Rxf4 17. O-O Nf3+ 18. Bxf3 exf3 19. Qb3+ Kh8 20. Nxf3 e5 21. Rae1 e4 22. Nh2 Qh4 23. Qg3 Qf6 24. b3 Rf8 25. Qe3 Bh6 26. Qxa7 g5 27. Re2 Bg7 28. Rfe1 Qc3 29. Qe3 Qc7 30. Rc1 Qd6 31. Rd2 Qh6 32. Kg2 Qh4 33. Rc7 Be5 34. Re7 Bf6 35. Rxe4 Rxe4 36. Qxe4 Qh6 37. Nf3 Bg7 38. Qxb7 Qf6 39. Qe4 h5 40. Rd3 h4 41. Rd5 Rf7 42. Rf5 Qd6 43. Rxf7 Qd1 44. Qe8+ Kh7 45. Qe7 Kh8 46. Rxg7 Qxf3+ 47. Kf1 Qxf2+ 48. Kxf2 1/2-1/2


[Site "https://www.chess.com"]

[Event "Titled Tuesday Blitz May 24 Early 2022"]
[White "Ozkan, Ervin"]
[Black "Garv Gaur"]
[WhiteFideId "6306004"]
[BlackFideId "45030839"]
[WhiteElo "2226"]
[BlackElo "1950"]
[Result "1-0"]
[Round "06"]
[TimeControl "180+1"]
[Date "2022.05.25"]
[WhiteClock "0:00:12"]
[BlackClock "0:00:15"]

1. d4 d5 2. Bf4 Nf6 3. e3 c5 4. Nf3 Nc6 5. c3 Qb6 6. Qc2 g6 7. Nbd2 Bf5 8. dxc5 Bxc2 9. cxb6 axb6 10. Bb5 Bf5 11. Bc7 Nd7 12. Nd4 Rc8 13. Bg3 Bg7 14. Nxc6 bxc6 15. Ba6 Rd8 16. Bb7 O-O 17. Bxc6 Nc5 18. O-O e5 19. Rfd1 Be6 20. b4 Nd3 21. Nf3 Nb2 22. Rdb1 Nc4 23. Bb5 Na3 24. Bc6 Nxb1 25. Rxb1 f6 26. a4 g5 27. h3 h5 28. Nd2 g4 29. hxg4 hxg4 30. f4 Rc8 31. b5 Rfd8 32. Nb3 d4 33. cxd4 Bxb3 34. Rxb3 exd4 35. exd4 Rxd4 36. f5 Rxa4 37. Rc3 Kh7 38. Bd6 Bf8 39. Bxf8 Rxf8 40. Rd3 Rf7 41. Kh2 Rf4 42. Kg3 Rxf5 43. Be4 Kh6 44. Rd5 Rxd5 45. Bxd5 f5 46. Kf4 Kg6 47. Bxf7+ Kxf7 48. Kxf5 Ke7 49. Kxg4 Kd6 50. Kf4 Kc5 51. g4 Kxb5 52. g5 Kc4 53. g6 b5 54. g7 b4 55. g8=Q+ Kc3 56. Qa2 b3 57. Qb1 b2 58. Ke3 Kb3 59. Kd3 Ka3 60. Kc3 Ka4 61. Qxb2 Ka5 62. Qb7 Ka4 63. Qb4# 1-0


[Site "https://www.chess.com"]

[Event "Titled Tuesday Blitz May 24 Early 2022"]
[White "Pakleza, Zbigniew"]
[Black "Hakemi, Arman"]
[WhiteFideId "1119290"]
[BlackFideId "22520805"]
[WhiteElo "2467"]
[BlackElo "2115"]
[Result "1/2-1/2"]
[Round "06"]
[TimeControl "180+1"]
[Date "2022.05.24"]
[WhiteClock "0:00:29"]
[BlackClock "0:00:15"]

1. d4 Nf6 2. Nf3 d5 3. Bf4 e6 4. e3 c5 5. c3 Nc6 6. Nbd2 cxd4 7. cxd4 Qb6 8. Qb3 Qxb3 9. Nxb3 Bb4+ 10. Nfd2 Ne4 11. a3 Nxd2 12. Nxd2 Bxd2+ 13. Kxd2 Na5 14. Rb1 Bd7 15. b3 Ke7 16. Bc7 b6 17. Ba6 Bc8 18. Bd3 Bb7 19. Rhc1 Rac8 20. Rc3 Kd7 21. Bb5+ Bc6 22. Bxc6+ Nxc6 23. Bg3 Na5 24. Rbc1 Rxc3 25. Rxc3 Rc8 26. Rxc8 Kxc8 27. Kc3 Kd7 28. f3 f5 29. Be5 g6 30. Bf4 Nc6 31. h3 a6 32. Bg3 h5 33. h4 Nd8 34. Bf4 Nc6 35. Bg3 Na7 36. Bf4 Nb5+ 37. Kb2 Kc6 38. a4 Na7 39. Kc3 Kd7 40. Bg3 Nc6 41. Bf4 Nd8 42. Bg3 Kc6 43. Bf4 Nf7 44. Kb4 Nd8 45. Kc3 Kd7 46. Kb4 Nc6+ 47. Kc3 Kc8 48. Bg3 Kd7 49. Bf4 1/2-1/2


[Site "https://www.chess.com"]

[Event "Titled Tuesday Blitz May 24 Early 2022"]
[White "Paravyan, David"]
[Black "Andreikin, Dmitry"]
[WhiteFideId "4194985"]
[BlackFideId "4158814"]
[WhiteElo "2569"]
[BlackElo "2736"]
[Result "0-1"]
[Round "06"]
[TimeControl "180+1"]
[Date "2022.05.24"]
[WhiteClock "0:00:01"]
[BlackClock "0:00:40"]

1. e4 c5 2. Nf3 e6 3. d4 cxd4 4. Nxd4 Nc6 5. Nc3 d6 6. g4 Be7 7. Be3 Bd7 8. Qd2 a6 9. O-O-O Rc8 10. g5 b5 11. Nxc6 Bxc6 12. Bg2 b4 13. Ne2 a5 14. Nd4 Ba4 15. Kb1 Bf8 16. f4 Ne7 17. b3 Bd7 18. Rhe1 Qc7 19. f5 e5 20. Ne2 Nc6 21. h4 Na7 22. c4 bxc3 23. Nxc3 Qxc3 24. Bxa7 Be7 25. Qxc3 Rxc3 26. Rc1 Rxc1+ 27. Rxc1 h6 28. Be3 hxg5 29. hxg5 Rh2 30. Rg1 Bc6 31. Kc1 Rh4 32. Rh1 Rg4 33. Rh8+ Bf8 34. Bf3 Rg3 35. f6 gxf6 36. gxf6 Rxf3 37. Bh6 Rxf6 38. Rxf8+ Kd7 39. Bg5 Rf1+ 40. Kd2 Bxe4 41. Rd8+ Ke6 42. Re8+ Kf5 43. Be3 d5 44. Bc5 d4 45. Bd6 f6 46. Bxe5 d3 47. Bd4 Kf4 48. Bxf6 Rf2+ 49. Ke1 d2+ 50. Kxf2 d1=Q 51. Rd8 Qc2+ 52. Ke1 Qb1+ 53. Kd2 Qxa2+ 54. Ke1 Qb1+ 55. Rd1 Qxb3 56. Bd4 Bf3 57. Rd2 Ke4 58. Bb2 Qb4 59. Bc1 a4 60. Kf2 Qc5+ 0-1


[Site "https://www.chess.com"]

[Event "Titled Tuesday Blitz May 24 Early 2022"]
[White "Perez Leiva, Jerzy Jesus"]
[Black "Urazayev, Arystanbek"]
[WhiteFideId "3524337"]
[BlackFideId "13709810"]
[WhiteElo "2287"]
[BlackElo "2422"]
[Result "0-1"]
[Round "06"]
[TimeControl "180+1"]
[Date "2022.05.25"]
[WhiteClock "0:00:02"]
[BlackClock "0:00:41"]

1. e4 e5 2. Nf3 Nc6 3. Bb5 a6 4. Ba4 Bc5 5. c3 Nge7 6. d4 Ba7 7. d5 Nb8 8. Nxe5 O-O 9. O-O d6 10. Nd3 f5 11. exf5 Bxf5 12. Bg5 h6 13. Bh4 g5 14. Bg3 Nd7 15. Bc2 Ng6 16. Na3 Qf6 17. Qh5 Kg7 18. Rae1 Rae8 19. Rxe8 Rxe8 20. Re1 Rxe1+ 21. Nxe1 Qf7 22. Qf3 Qe7 23. Kf1 Bxc2 24. Naxc2 Nf6 25. Qe2 Qf7 26. c4 h5 27. f3 h4 28. Bf2 Nf4 29. Qd2 Bxf2 30. Qxf2 b5 31. b3 bxc4 32. bxc4 c6 33. Ne3 cxd5 34. Nf5+ Kf8 35. Nxd6 Qe6 36. c5 d4 37. g3 N6d5 38. gxf4 Nxf4 39. Ne4 d3 40. Nxd3 Qc4 41. Qe3 Nxd3 42. Qe2 Qc1+ 43. Kg2 Nf4+ 0-1


[Site "https://www.chess.com"]

[Event "Titled Tuesday Blitz May 24 Early 2022"]
[White "Pham, Le Thao Nguyen"]
[Black "Kosteniuk, Alexandra"]
[WhiteFideId "12401226"]
[BlackFideId "4128125"]
[WhiteElo "2271"]
[BlackElo "2469"]
[Result "1-0"]
[Round "06"]
[TimeControl "180+1"]
[Date "2022.05.25"]
[WhiteClock "0:00:07"]
[BlackClock "0:00:03"]

1. Nf3 Nf6 2. g3 d5 3. Bg2 c5 4. O-O Nc6 5. d4 cxd4 6. Nxd4 e5 7. Nxc6 bxc6 8. c4 Be6 9. Qc2 Be7 10. h3 O-O 11. Nd2 Rc8 12. Kh2 Qd6 13. b3 h5 14. Nf3 e4 15. Bf4 Qd8 16. Nd4 Nd7 17. Rad1 Qb6 18. Nxe6 fxe6 19. Bxe4 Rxf4 20. gxf4 Nf6 21. Bg6 Qb8 22. e3 Bd6 23. Rg1 Rf8 24. Kh1 Qb7 25. Rg5 h4 26. Rdg1 c5 27. R1g2 d4 28. Bh5 Nxh5 29. Rxh5 Qf3 30. Qh7+ Kf7 31. Qxg7+ Ke8 32. Rh7 Qc6 33. Kh2 dxe3 34. fxe3 Kd8 35. Qxa7 Bc7 36. Rd2+ Kc8 37. Rdd7 Qxd7 38. Rxd7 Kxd7 39. Qxc5 Rf5 40. Qd4+ Ke7 41. a4 Bd6 42. a5 e5 43. Qe4 Kf6 44. c5 Be7 45. b4 exf4 46. exf4 Bf8 47. a6 Bh6 48. Qc6+ Kg7 49. a7 Bxf4+ 50. Kh1 Bg3 51. a8=Q Rf1+ 52. Kg2 Rf2+ 53. Kg1 1-0


[Site "https://www.chess.com"]

[Event "Titled Tuesday Blitz May 24 Early 2022"]
[White "Piesik, Piotr"]
[Black "Hernandez Jimenez, Alexander Andres"]
[WhiteFideId "1136194"]
[BlackFideId "3900452"]
[WhiteElo "2190"]
[BlackElo "2098"]
[Result "1-0"]
[Round "06"]
[TimeControl "180+1"]
[Date "2022.05.25"]
[WhiteClock "0:01:03"]
[BlackClock "0:00:12"]

1. Nf3 d5 2. g3 c6 3. Bg2 Nf6 4. O-O Bf5 5. d3 e6 6. Nbd2 h6 7. Qe1 Bh7 8. e4 Be7 9. Qe2 O-O 10. b3 Nbd7 11. Bb2 Qc7 12. a4 dxe4 13. dxe4 e5 14. Rfd1 Rfe8 15. Ne1 Rad8 16. Nc4 Bf8 17. Nd3 b5 18. axb5 cxb5 19. Ne3 Nc5 20. Nxc5 Qxc5 21. f3 Qb6 22. Kh1 Bc5 23. Nf1 Bd4 24. Bxd4 Rxd4 25. Rxd4 exd4 26. Qf2 Rd8 27. e5 Nd5 28. f4 Nb4 29. f5 Rc8 30. Be4 Qc5 31. Qf4 Nxc2 32. Rc1 d3 33. Bxd3 Qd5+ 34. Be4 Qxb3 35. Qd2 b4 36. Rxc2 Rxc2 37. Qd8# 1-0


[Site "https://www.chess.com"]

[Event "Titled Tuesday Blitz May 24 Early 2022"]
[White "Politov, Pavel Y."]
[Black "Valle Maytin, Luis Enrique"]
[WhiteFideId "24110515"]
[BlackFideId "3503666"]
[WhiteElo "2090"]
[BlackElo "2233"]
[Result "1-0"]
[Round "06"]
[TimeControl "180+1"]
[Date "2022.05.25"]
[WhiteClock "0:00:11"]
[BlackClock "0:00:02"]

1. e4 c6 2. d4 d5 3. exd5 cxd5 4. Bd3 Nc6 5. c3 Nf6 6. h3 g6 7. Nf3 Bg7 8. O-O O-O 9. Re1 Qc7 10. Ne5 Bf5 11. Bxf5 gxf5 12. Nd3 e6 13. Bf4 Qe7 14. Nd2 Kh8 15. Qf3 Rg8 16. Ne5 Ne4 17. Qh5 Nxe5 18. dxe5 Qc7 19. Nxe4 dxe4 20. f3 Qb6+ 21. Kh2 exf3 22. Qxf3 Bf8 23. b3 Rg6 24. Rad1 Rd8 25. Rxd8 Qxd8 26. Rd1 Qc7 27. c4 a6 28. Qd3 Be7 29. Qd7 Qc5 30. Qxb7 Qf2 31. Qf3 Qb6 32. Qe3 Bc5 33. Qf3 Kg7 34. Rd7 Qa5 35. Qb7 Qxa2 36. Rxf7+ Kg8 37. Rxh7 Rxg2+ 38. Qxg2+ Qxg2+ 39. Kxg2 Kxh7 40. Bd2 Kg6 41. Bc3 f4 42. Kf3 Kf5 43. b4 Be3 44. c5 Bc1 45. c6 Be3 46. c7 Bb6 47. c8=Q 1-0


[Site "https://www.chess.com"]

[Event "Titled Tuesday Blitz May 24 Early 2022"]
[White "Poltorak, Sebastian"]
[Black "Rahman, Adel"]
[WhiteFideId "1199498"]
[BlackFideId "14204177"]
[WhiteElo "2066"]
[BlackElo "2175"]
[Result "1-0"]
[Round "06"]
[TimeControl "180+1"]
[Date "2022.05.25"]
[WhiteClock "0:00:21"]
[BlackClock "0:00:02"]

1. e4 c5 2. Nc3 Nc6 3. Bb5 Nd4 4. Nf3 g6 5. Nxd4 cxd4 6. Ne2 a6 7. Bc4 Bg7 8. O-O Nf6 9. d3 b5 10. Bb3 Qb6 11. h3 d6 12. f4 Nd7 13. a3 O-O 14. f5 Ne5 15. Nf4 Bb7 16. Nd5 Bxd5 17. Bxd5 Rac8 18. Bf4 Qc5 19. Bb3 a5 20. a4 bxa4 21. Rxa4 Rb8 22. Qd2 Rb4 23. Rxb4 Qxb4 24. Qxb4 axb4 25. fxg6 hxg6 26. Ra1 Rc8 27. Bd2 Rb8 28. Ra4 Nc6 29. Bd5 Rb6 30. Ra8+ Kh7 31. Bxf7 Ne5 32. Bg8+ Kh8 33. Bd5+ Kh7 34. Ra4 b3 35. Bxb3 Nxd3 36. Ra8 Nxb2 37. h4 d3 38. Bg8+ Kh8 39. cxd3 Bd4+ 40. Kh2 Kg7 41. Bd5 Nxd3 42. Bg5 Nc5 43. Rg8+ Kh7 44. Re8 e6 45. Re7+ Kg8 46. Bxe6+ 1-0


[Site "https://www.chess.com"]